 Dungeon Crawl Stone Soup version 0.26.1-2-gb8aa6d0cf2 (webtiles) character file.

Game seed: 14868732117267665211

240 Martska the Chucker (level 6, 0/63 HPs)
             Began as an Ogre Hunter on Mar 11, 2021.
             Slain by a gnoll
             ... wielding a +0 halberd
              (5 damage)
             ... on level 3 of the Dungeon.
             The game lasted 00:04:37 (3208 turns).

Martska the Chucker (Ogre Hunter)                   Turns: 3208, Time: 00:04:37

Health: 0/63       AC:  3    Str: 19    XL:     6   Next: 8%
Magic:  6/6        EV: 10    Int: 12    God:
Gold:   142        SH:  0    Dex:  9    Spells: 5/5 levels left

rFire    . . .     SeeInvis .   v - +0 flail
rCold    . . .     Faith    .   (no shield)
rNeg     . . .     Spirit   .   b - +0 robe
rPois    .         Reflect  .   (helmet restricted)
rElec    .         Harm     .   (no cloak)
rCorr    .         Rampage  .   (gloves unavailable)
Will     .....                  (boots unavailable)
Stlth    +.........             h - amulet of regeneration
HPRegen  0.60/turn              (no ring)
MPRegen  0.10/turn              (no ring)

@: glowing
A: large, unfitting armour, tough skin 1
a: no special abilities


You were on level 3 of the Dungeon.
You visited 1 branch of the dungeon, and saw 3 of its levels.

You collected 142 gold pieces.

Inventory:

Hand Weapons
 a - a +0 short sword
 f - a +0 spear
 g - a +0 club
 m - a +0 whip
 v - a +0 flail (weapon)
Missiles
 c - 2 large rocks (quivered)
 d - 2 throwing nets
Armour
 b - a +0 robe (worn)
 q - a -2 robe
Jewellery
 h - an amulet of regeneration (around neck)
Wands
 s - a wand of flame (20)
Scrolls
 e - a scroll of blinking {unknown}
 j - a scroll of magic mapping {unknown}
 k - a scroll of immolation {unknown}
 n - 3 scrolls of remove curse
 o - 3 scrolls of identify
 r - a scroll of fog {unknown}
 t - a scroll of noise {unknown}
 u - a scroll of enchant weapon {unknown}
Potions
 i - a potion of curing
 l - a potion of might {unknown}
 p - 2 potions of mutation
 w - a potion of haste {unknown}


   Skills:
 * Level 4.6 Fighting
 * Level 2.2 Maces & Flails
 * Level 4.9 Throwing
 * Level 3.1 Dodging
 - Level 0.6 Stealth
 * Level 0.3 Evocations


You had 5 spell levels left.
You didn't know any spells.
Your spell library was empty.

Dungeon Overview and Level Annotations

Branches:
Dungeon (3/15)

Altars:
Cheibriados
Ru
Wu Jian


Innate Abilities, Weirdness & Mutations

You are too large for most types of armour.
You have tough skin. (AC +1)


Message History

* * * LOW HITPOINT WARNING * * *
The gnoll hits you from afar with a +0 halberd of protection.
* * * LOW HITPOINT WARNING * * *
The gnoll hits you from afar with a +0 halberd.
* * * LOW HITPOINT WARNING * * *
It was a potion of curing.
You feel better.
The gnoll shaman hits you but does no damage.
The gnoll barely misses you.
The gnoll hits you from afar with a +0 halberd!
* * * LOW HITPOINT WARNING * * *
You feel better. The gnoll shaman misses you.
As you read the scroll labelled WUEHOTZATAF, it crumbles to dust.
It is a scroll of identify.
p - 2 potions of mutation The gnoll shaman hits you with a +0 whip.
* * * LOW HITPOINT WARNING * * *
The gnoll hits you from afar with a +0 halberd of protection!
* * * LOW HITPOINT WARNING * * *
The gnoll hits you from afar with a +0 halberd.
You die...

≈≈≈≈≈≈≈≈≈≈≈≈....≈≈≈≈≈≈≈≈≈≈≈≈≈≈≈≈≈
≈≈≈≈≈≈≈≈≈≈≈≈....≈≈≈≈≈≈≈≈≈≈≈≈≈≈≈≈≈
.................................
................>..............##
###.....)...####g###.#########.#
......###.#.####g# #.# #.#
###...# #.#..#.gg# #.# #.#
###...###.##.#.#g# #.# #.#
..........##.#.#@# #.# #.#
###...##..##...#.# #.# #.#
...........##..#.# #.# #.#
............#..#.###.####### #.#
...#..##.#..#..#.#.........###.#
####..##.#..##.#.#.#...........#
......##.#<.##.#.#.#######.###.#
####..##.#..##.#.#.# #.# #.#
(.....##.#.........# #.# #.#


You could see a gnoll shaman and 4 gnolls.

Vanquished Creatures
  Jessica (D:3)
  2 gnolls (D:3)
  8 adders
  4 worms
  4 dart slugs
  A leopard gecko (D:1)
  3 orcs (D:3)
  9 bats
  5 giant cockroaches
  10 hobgoblins
  19 jackals
  A quokka (D:2)
  3 frilled lizards
  7 goblins
  13 kobolds
  4 rats
94 creatures vanquished.

Vanquished Creatures (others)
  2 plants (D:3)
2 creatures vanquished.

Grand Total: 96 creatures vanquished

Notes
Turn   | Place    | Note
-------+----------+-------------------------------------------
     0 | D:1      | Martska the Ogre Hunter began the quest for the Orb.
     0 | D:1      | Reached XP level 1. HP: 22/22 MP: 1/1
   247 | D:1      | Reached XP level 2. HP: 24/31 MP: 2/2
   528 | D:1      | Reached XP level 3. HP: 37/37 MP: 3/3
   844 | D:2      | Reached skill level 1 in Maces & Flails
  1062 | D:2      | Reached XP level 4. HP: 47/48 MP: 4/4
  1408 | D:2      | Found a sacrificial altar of Ru.
  2068 | D:3      | Found a snail-covered altar of Cheibriados.
  2128 | D:3      | Reached XP level 5. HP: 15/54 MP: 5/5
  2502 | D:3      | Noticed Jessica
  2509 | D:3      | Killed Jessica
  2670 | D:3      | Reached XP level 6. HP: 21/63 MP: 6/6
  2811 | D:3      | Found an ornate altar of the Wu Jian Council.
  3205 | D:3      | HP: 1/63 [gnoll/+0 halberd (5)]
  3208 | D:3      | Slain by a gnoll

Illustrated notes

Levels and vault maps discovered:
D:1:      tarquinn_simple_flora_water_c, layout_loops_ring
D:2:      layout_basic, serial_bayou_pond_d, nicolae_ru_awakened_eye
D:3:      lemuel_castle_with_subvaults [lemuel_castle_interior_carwin_3],
          layout_basic, kennysheep_slug_shrine,
          pdpol_wu_jian_five_deadly_venoms, chequers_serial_rivers_small_b,
          uniq_jessica

Skill      XL: |  1  2  3  4  5 |
---------------+----------------+-----
Fighting       | 3 4 |  4.6
Dodging        | 2 3 |  3.1
Maces & Flails | 1 2 |  2.2
Throwing       | |  4.9
Stealth        | |  0.6
Evocations     | |  0.3

Action                   |  1- 3 |  4- 6 || total
-------------------------+-------+-------++-------
Melee: Spear             |   135 |   201 ||   336
       Flail             |       |   114 ||   114
Throw: Large rock        |       |     6 ||     6
  Use: Scroll            |       |     2 ||     2
       Potion            |       |     2 ||     2
 Stab: Sleeping          |     2 |     3 ||     5
       Distracted        |     1 |       ||     1
Armor: Robe              |    38 |   117 ||   155
Dodge: Dodged            |    53 |   219 ||   272
